 Dungeon Crawl Stone Soup version 0.30-a0-860-g512cf1e979 (webtiles) character file.

Game seed: 4610407878539888924

2368 LobsterGuardian the Cleaver (level 9, 0/75 HPs)
             Began as a Minotaur Fighter on Mar 8, 2023.
             Killed by divine providence
             ... invoked by an orc priest
              (10 damage)
             ... on level 8 of the Dungeon.
             The game lasted 00:13:21 (6153 turns).

LobsterGuardian the Cleaver (Minotaur Fighter)      Turns: 6153, Time: 00:13:21

Health: 0/75       AC: 12    Str: 21    XL:     9   Next: 21%
Magic:  8/8        EV: 11    Int:  5    God:
Gold:   352        SH:  6    Dex: 14    Spells: 8/8 levels left

rFire   . . .      SeeInvis .    a - +1 war axe
rCold   . . .      Faith    .    c - +1 buckler
rNeg    . . .      Spirit   .    k - +0 plate armour
rPois   .          Reflect  .    (helmet restricted)
rElec   .          Rampage  .    (no cloak)
rCorr   .                        (no gloves)
Will    .....                    (no boots) Stlth
                                 (no amulet)
HPRegen 0.32/turn                m - +5 ring of evasion
MPRegen 0.11/turn                (no ring)

@: studying Shields
A: horns 2, retaliatory headbutt
a: no special abilities


You were on level 8 of the Dungeon.
You visited 2 branches of the dungeon, and saw 9 of its levels.
You also visited: Bailey.

You collected 352 gold pieces.

Inventory:

Hand Weapons
 a - a +1 war axe (weapon)
Armour
 c - a +1 buckler (worn)
 k - a +0 plate armour (worn)
Jewellery
 m - a +5 ring of evasion (left hand)
 t - a ring of resist corrosion
Wands
 n - a wand of digging (9)
 o - a wand of flame (12)
Scrolls
 b - a scroll of torment
 i - 2 scrolls of enchant armour
 p - 2 scrolls of magic mapping {unknown}
 q - a scroll of fog {unknown}
 r - 2 scrolls of noise {unknown}
 v - a scroll of brand weapon {unknown}
Potions
 d - a potion of might
 e - 4 potions of flight {unknown}
 f - a potion of berserk rage
 g - 4 potions of curing {unknown}
 h - a potion of resistance
 j - a potion of ambrosia {unknown}
 l - 3 potions of degeneration {unknown}
 s - 2 potions of haste
 u - a potion of lignification {unknown}
 w - 3 potions of attraction {unknown}
 x - a potion of mutation {unknown}


   Skills:
 + Level 6.1 Fighting
 * Level 12.0 Axes
 + Level 6.4 Armour
 + Level 0.7 Dodging
 + Level 6.0 Shields


You had 8 spell levels left.
You didn't know any spells.
Your spell library contained the following spells:

 Spells                   Type           Power      Damage    Failure   Level
 Beastly Appendage        Tmut           0%         N/A       100%        1
 Magic Dart               Conj           0%         1d3       100%        1
 Searing Ray              Conj           0%         2d4       100%        2
 Static Discharge         Conj/Air       0%         2-2/arc   100%        2
 Wereblood                Tmut           0%         N/A       100%        2
 Gell's Gravitas          Tloc           0%         N/A       100%        3
 Ozocubu's Armour         Ice            0%         N/A       100%        3
 Spider Form              Tmut/Pois      0%         N/A       100%        3
 Stone Arrow              Conj/Erth      0%         3d7       100%        3
 Teleport Other           Tloc           0%         N/A       100%        3
 Vhi's Electric Charge    Tloc/Air       0%         N/A       100%        3
 Animate Armour           Summ/Erth      0%         N/A       100%        4
 Fulminant Prism          Conj/Hex       0%         3d5       100%        4
 Arcjolt                  Conj/Air       0%         1d10      100%        5
 Lightning Bolt           Conj/Air       0%         1d11      100%        5
 Metabolic Englaciation   Hex/Ice        0%         N/A       100%        5
 Dispersal                Tloc           0%         N/A       100%        6
 Simulacrum               Ice/Necr       0%         N/A       100%        6
 Borgnjor's Revivificati  Necr           0%         N/A       100%        8
 Discord                  Hex            0%         N/A       100%        8
 Lehudib's Crystal Spear  Conj/Erth      0%         10d2      100%        8
 Necromutation            Tmut/Necr      0%         N/A       100%        8
 Death's Door             Necr           0%         N/A       100%        9


Dungeon Overview and Level Annotations

Branches:
Dungeon (8/15)             Temple (1/1) D:4          Bailey (visited)
   Lair: D:8-11

Altars:
Ashenzari
Dithmenos
Elyvilon
Fedhas
Hepliaklqana
Nemelex Xobeh
Okawaru
Qazlal
Sif Muna
Trog
Vehumet
Xom
Yredelemnul
Zin

Shops:
D:3 *   D:4 :


Innate Abilities, Weirdness & Mutations

You have a pair of horns on your head.
You reflexively headbutt those who attack you in melee.


Message History

The orc priest shouts!
You hear a bark!
An orc comes into view. It is wielding a +0 falchion.
An orc comes into view. It is wielding a +0 dagger.
The orc shouts! x2
The orc priest looks braver for a moment.
A hound comes into view.
The hound barks!
You block the orc's attack.
The orc priest hits you with a +0 short sword.
The orc closely misses you.
The orc priest hits you but does no damage.
The orc hits you but does no damage.
There is a stone staircase leading down here.
You block the orc's attack. The orc barely misses you.
You block the orc priest's attack.
You climb downwards.
There is a stone staircase leading up here.
Unknown command.
You are too injured to fight recklessly!
You barely miss the orc priest. You slash the orc!
You kill the orc!
You closely miss the orc. The orc barely misses you.
The orc priest invokes the aid of Beogh against you.
Pain shoots through your body!
You slash the orc priest!
The orc priest is heavily wounded.
You slash the orc!
You kill the orc!
The orc priest calls down the wrath of Beogh upon you.
Beogh smites you!
* * * LOW HITPOINT WARNING * * *
You hit the orc priest.
The orc priest is almost dead.
The orc priest hits you but does no damage.
You barely miss the orc priest.
You headbutt the orc priest, but do no damage.
The orc priest is almost dead.
The orc priest calls down the wrath of Beogh upon you.
Beogh smites you!
You die...

## .. .#
.##
#)#######
#@o......
#)#######
.## .# .#
.. ##


You could see an orc priest.

Vanquished Creatures
  Eustachio (D:4)
  Edmund (D:5)
  8 orc warriors (Bailey)
  2 ogres
  A centaur (D:5)
  3 phantoms
  3 scorpions
  A jelly (D:5)
  A howler monkey (D:6)
  2 hounds (D:5)
  2 orc priests
  A sleepcap (D:5)
  A gnoll bouda (D:6)
  2 iguanas
  2 orc wizards
  12 gnolls
  12 adders
  2 white imps (D:6)
  An ufetubus (D:4)
  2 worms (D:2)
  2 dart slugs
  30 orcs
  6 endoplasms
  5 giant cockroaches
  11 goblins
  5 hobgoblins
  8 jackals
  3 kobolds
  4 quokkas
  10 ball pythons
  4 bats
  2 frilled lizards
  10 rats
160 creatures vanquished.

Vanquished Creatures (others)
  A human (D:5)
1 creature vanquished.

Grand Total: 161 creatures vanquished

Notes
Turn   | Place    | Note
-------+----------+-------------------------------------------
     0 | D:1      | LobsterGuardian the Minotaur Fighter began the quest for
                  | the Orb.
     0 | D:1      | Reached XP level 1. HP: 19/19 MP: 0/0
   164 | D:1      | Reached XP level 2. HP: 25/27 MP: 1/1
   844 | D:1      | Found a faded altar of an unknown god.
   978 | D:2      | Reached skill level 3 in Axes
  1081 | D:2      | Reached XP level 3. HP: 24/33 MP: 2/2
  1585 | D:2      | Got Riklaept's Vademecum on the Curse
  1807 | D:3      | Reached skill level 4 in Axes
  1851 | D:3      | Reached XP level 4. HP: 40/40 MP: 3/3
  1935 | D:3      | Found Piss's Assorted Antiques.
  2400 | D:3      | You fall into a shaft and drop 1 floor!
  2577 | D:4      | Noticed a phantom
  2600 | D:4      | Reached skill level 5 in Axes
  2607 | D:4      | Reached XP level 5. HP: 38/46 MP: 4/4
  2638 | D:5      | Entered Level 5 of the Dungeon
  2696 | D:5      | Noticed Edmund
  2711 | D:5      | Killed Edmund
  2712 | D:5      | Reached skill level 6 in Axes
  2712 | D:5      | Reached XP level 6. HP: 50/53 MP: 5/5
  2749 | D:5      | Found a runed translucent door.
  2749 | D:5      | Noticed a human
  2750 | D:5      | Found a basalt altar of Yredelemnul.
  2893 | D:5      | Killed a human
  2988 | D:5      | Reached skill level 7 in Axes
  3037 | D:5      | Reached skill level 5 in Armour
  3037 | D:5      | Reached XP level 7. HP: 60/60 MP: 6/6
  3124 | D:4      | Noticed Eustachio
  3138 | D:4      | Killed Eustachio
  3139 | D:4      | Reached skill level 8 in Axes
  3156 | D:4      | Found Qoigrey's Self-Improvement Boutique.
  3223 | D:4      | Found a staircase to the Ecumenical Temple.
  3252 | Temple   | Entered the Ecumenical Temple
  3462 | D:4      | Reached skill level 5 in Fighting
  3595 | D:5      | Reached skill level 9 in Axes
  3617 | D:5      | Reached XP level 8. HP: 68/68 MP: 7/7
  3681 | D:5      | Found an iron altar of Okawaru.
  3993 | D:6      | Reached skill level 10 in Axes
  4061 | D:6      | Reached skill level 5 in Shields
  4572 | D:6      | Found a shimmering altar of Xom.
  4574 | D:6      | Found a radiant altar of Vehumet.
  4575 | D:6      | Found a stormy altar of Qazlal.
  4699 | D:6      | Found a shadowy altar of Dithmenos.
  5527 | D:7      | Found a flagged portal.
  5534 | Bailey   | Entered a bailey
  5564 | Bailey   | Reached skill level 11 in Axes
  5651 | Bailey   | Reached XP level 9. HP: 16/75 MP: 8/8
  6069 | Bailey   | Reached skill level 12 in Axes
  6136 | Bailey   | Noticed an orc knight
  6153 | D:8      | Killed from afar by an orc priest

Illustrated notes

Levels and vault maps discovered:
D:1:      eino_arrival_water_star, layout_basic, ebering_ecumenical_altar_hall,
          minmay_crystal_water, palyth_stone_intersect
D:2:      layout_loops_ring, chequers_serial_rivers_micro_b
D:3:      layout_loops_ring, serial_shops, shop
D:4:      layout_loops_cross, minmay_temple_entry_large_hall,
          nicolae_shop_self_help, uniq_eustachio
D:5:      minmay_spotlight, layout_basic, dk_yredelemnul_ordeal,
          okawaru_ov_weapons_minmay, uniq_edmund
D:6:      layout_basic, gammafunk_temple_overflow_forgotten,
          grunt_dithmenos_smoke_and_mirrors, serial_co_window_serial,
          co_window_paths_a, co_window_corner_a, co_window_corner_a,
          co_window_paths_a, co_window_cross_1, co_window_corner_ca,
          co_window_2corner, co_window_of_opportunity_b, co_window_broadway_c,
          co_window_corner_cb, co_window_4corner_a, glass_columns_a,
          glass_columns_a, glass_columns_b
D:7:      layout_cave_pools, lemuel_zombie_altar_kikubaaqudgha,
          lemuel_doored_altar, nicolae_uskayaw_suspiria, serial_gnoll_camp,
          gnoll_camp_mini_house, gnoll_camp_mini_shop, gnoll_camp_huts_basic,
          gnoll_camp_mini_hut, gnoll_camp_mini_basic, gnoll_camp_medium_02,
          enter_bailey_2, kennysheep_generic_room_13, uniq_joseph, uniq_pikel
D:8:      layout_loops_ring, minmay_misc_feat_more_columns
Temple:   nicolae_temple_colour_theory

Skill      XL: |  1  2  3  4  5  6  7  8  9 |
---------------+----------------------------+-----
Axes           | 3 4 5 6 7 9 11 12 | 12.0
Armour         | 4 5 6 |  6.4
Shields        | 4 5 6 |  6.0
Fighting       | 4 5 6 |  6.1
Dodging        | |  0.7

Action                     |  1- 3 |  4- 6 |  7- 9 || total
---------------------------+-------+-------+-------++-------
  Melee: War axe           |    94 |    94 |   240 ||   428
         Headbutt          |     4 |     7 |    39 ||    50
  Evoke: Wand              |       |     3 |       ||     3
    Use: Scroll            |     5 |       |     5 ||    10
         Potion            |       |     1 |       ||     1
 Armour: Scale mail        |    39 |       |       ||    39
         Plate armour      |     2 |    42 |    86 ||   130
  Dodge: Dodged            |    45 |    64 |   107 ||   216
  Block: Buckler           |    25 |    25 |    77 ||   127

Table legend: (Time is in decaauts)
 A = Elapsed time spent in this place.
 B = Non-inter-level travel time spent in this place.
 C = Inter-level travel time spent in this place.
 D = Time resting spent in this place.
 E = Time spent auto-exploring this place.
 F = Levels seen in this place.
 G = Mean time per level.
                   A        B        C        D        E       F      G
               +--------+--------+--------+--------+--------+-----+--------+
         Total |   6223 |   6079 |    144 |      0 |   4963 |  10 |  622.3 |
       Dungeon |   5546 |   5408 |    138 |      0 |   4428 |   8 |  693.2 |
        Temple |     74 |     68 |      6 |      0 |     64 |   1 |   74.0 |
        Bailey |    602 |    602 |      0 |      0 |    471 |   1 |  602.0 |
               +--------+--------+--------+--------+--------+-----+--------+

Top non-repeatable levels by time:
     D:6: 1560 daAuts
     D:1: 985 daAuts
     D:2: 812 daAuts
     D:5: 799 daAuts
     D:4: 714 daAuts
     D:3: 654 daAuts
  Bailey: 602 daAuts
  Temple: 74 daAuts
     D:7: 16 daAuts
     D:8: 3 daAuts
